 Dungeon Crawl Stone Soup version 0.24.0-13-gcf9b3192b9 (webtiles) character file.

Game seed: 3711982833541036792, levelgen mode: deterministic

672 roguesci the Stinger (level 7, -15/61 HPs)
             Began as a Naga Transmuter on Nov 9, 2019.
             Demolished by an orc warrior
             ... wielding a +0 flail
              (18 damage)
             ... on level 5 of the Dungeon.
             The game lasted 00:14:11 (6933 turns).

roguesci the Stinger (Naga Transmuter)              Turns: 6933, Time: 00:14:11

Health: -15/61     AC:  2    Str: 16    XL:     7   Next: 58%
Magic:  10/12      EV: 21    Int: 14    God:
Gold:   252        SH:  0    Dex: 16    Spells: 9/13 levels left

rFire    . . .     SeeInvis +     - Unarmed
rCold    . . .     Gourm    .   (shield currently unavailable)
rNeg     . . .     Faith    .   (armour currently unavailable)
rPois    x         Spirit   .   (helmet currently unavailable)
rElec    .         Reflect  .   (cloak currently unavailable)
rCorr    .         Harm     .   (gloves currently unavailable)
MR       .....                  (no barding)
Stlth    +++.......             (no amulet)
HPRegen  0.20/turn              i - +2 ring of strength
MPRegen  0.13/turn              l - +5 ring of slaying

@: spider-form (expiring)
A: tiny, see invisible, slow metabolism 1, spit poison 1, AC +2
a: Spit Poison, End Transformation


You were on level 5 of the Dungeon.
You were not hungry.
You were a venomous arachnid creature.
You visited 1 branch of the dungeon, and saw 5 of its levels.
You also visited: Sewer.

You collected 252 gold pieces.

Inventory:

Hand Weapons
 C - the +5 mace "Qefeus" (melded) {freeze, *Noise rN+ Stlth+}
   (You found it on level 4 of the Dungeon)

   It has been specially enchanted to freeze those struck by it, causing extra
   injury to most foes and up to half again as much damage against particularly
   susceptible opponents.
   It can also slow down cold-blooded creatures.
   It protects you from negative energy.
   It may make noises in combat.
   It makes you more stealthy.
Missiles
 a - 67 arrows
 c - 119 stones (quivered)
Armour
 b - a +0 robe (melded)
 t - a +0 pair of gloves (melded)
Jewellery
 i - a +2 ring of strength (left front leg)
 l - a +5 ring of slaying (right front leg)
Wands
 A - a wand of paralysis (7)
Scrolls
 e - 3 scrolls of remove curse
 g - 2 scrolls of identify
 h - a scroll of fear {unknown}
 j - a scroll of amnesia {unknown}
 s - 2 scrolls of teleportation {unknown}
 w - a scroll of enchant armour {unknown}
 x - a scroll of blinking {unknown}
 y - a scroll of immolation {unknown}
 E - a scroll of noise {unknown}
 F - a scroll of vulnerability {unknown}
Potions
 f - a potion of haste
 k - a potion of magic {unknown}
 m - 3 potions of flight {unknown}
 n - a potion of ambrosia {unknown}
 o - a potion of lignification {unknown}
 p - 2 potions of berserk rage {unknown}
 q - a potion of degeneration {unknown}
 r - 3 potions of heal wounds {unknown}
 u - a potion of agility {unknown}
 v - 3 potions of curing {unknown}
 z - 2 potions of might {unknown}
 B - a potion of mutation {unknown}
Comestibles
 d - 7 rations


   Skills:
 + Level 2.5 Fighting
 * Level 3.3 Dodging
 + Level 3.6 Stealth
 + Level 3.8 Unarmed Combat
 * Level 3.9 Spellcasting
 + Level 3.2 Transmutations
 - Level 4.0 Poison Magic


You had 9 spell levels left.
You knew the following spells:

 Your Spells              Type           Power        Failure   Level  Hunger
a - Beastly Appendage     Tmut           ##....       16%         1    None
b - Spider Form           Tmut/Pois      ##........   30%         3    ###....

Your spell library contained the following spells:

 Spells                   Type           Power        Failure   Level  Hunger
 Sticks to Snakes         Tmut           ##......     21%         2    ##.....
 Infusion                 Chrm           #...         41%         1    None
 Shroud of Golubria       Chrm/Tloc      #.....       52%         2    ##.....
 Song of Slaying          Chrm           #.......     52%         2    ##.....
 Regeneration             Chrm/Necr      #.........   73%         3    ###....
 Spectral Weapon          Hex/Chrm       #.......     73%         3    ###....
 Ice Form                 Ice/Tmut       #.......     86%         4    ####...
 Blade Hands              Tmut           ##........   93%         5    ######.


Dungeon Overview and Level Annotations

Branches:
Dungeon (5/15)              Sewer (visited)
 Temple: D:4-7

Altars:
Makhleb
Ru
The Shining One


Innate Abilities, Weirdness & Mutations

You cannot wear boots.
((Your serpentine skin is tough. (AC +2)))
You have supernaturally acute eyesight. (SInv)
((Armour fits poorly on your strangely shaped body.))
((Your system is resistant to poisons. (rPois)))
((You cover ground very slowly.))
You have a slow metabolism.
You can spit poison.


Message History

You barely miss the orc warrior.
The orc warrior is heavily wounded.
The orc warrior closely misses you.
The orc wizard gestures at you while chanting.
The magic dart hits you!
You hit the orc warrior.
The orc warrior is severely wounded.
The orc warrior barely misses you.
You hit the orc warrior.
The orc warrior looks even sicker.
The orc warrior is severely wounded.
You feel yourself speed up.
The orc warrior hits you with a +0 flail!!
* * * LOW HITPOINT WARNING * * *
The orc wizard barely misses you.
You hit the orc warrior.
The orc warrior is almost dead.
Your transformation is almost over.
The orc wizard misses you.
The orc warrior hits you with a +0 flail!!
You die...

.#.#####..##.#..>######
.#......................
#.#.#...<.......##...###
......#.......#.#.......
#......#.......÷......#
....#..#..............#
###.......#..#.......#
#.o...............##
######..s.......##.....##
.......o)##.#...÷....... #
##....##..#.)(.........#
.>##..#####)###..........#
#........#...............#
........).........##...#.#
#................###.##..
#................## .####
#........._.......##....


You could see an orc warrior and an orc wizard.

Vanquished Creatures
  An ogre (D:5)
  2 big kobolds (Sewer)
  A howler monkey (D:5)
  Terence (D:2)
  2 orc wizards
  A worker ant (D:4)
  11 adders
  5 river rats
  An adder zombie (D:5)
  3 worms
  2 dart slugs (D:1)
  4 leopard geckos
  12 orcs
  8 ball pythons
  7 giant cockroaches
  6 goblins
  12 hobgoblins
  6 jackals (D:2)
  20 kobolds
  4 quokkas
  11 bats
  4 frilled lizards
  A leopard gecko skeleton (D:4)
  27 rats
152 creatures vanquished.

Notes
Turn   | Place    | Note
-------+----------+-------------------------------------------
     0 | D:1      | roguesci the Naga Transmuter began the quest for the Orb.
     0 | D:1      | Reached XP level 1. HP: 18/18 MP: 3/3
   501 | D:1      | Reached XP level 2. HP: 20/25 MP: 3/5
  1260 | D:1      | Reached skill level 1 in Stealth
  1656 | D:1      | Reached XP level 3. HP: 31/31 MP: 6/6
  1661 | D:1      | Learned a level 3 spell: Spider Form
  2206 | D:2      | Reached skill level 1 in Poison Magic
  2387 | D:2      | Found a sacrificial altar of Ru.
  2390 | D:2      | Found a glowing golden altar of the Shining One.
  2398 | D:2      | Reached XP level 4. HP: 21/38 MP: 3/7
  2800 | D:2      | Noticed Terence
  2830 | D:2      | Killed Terence
  3547 | D:3      | Reached skill level 2 in Poison Magic
  3547 | D:3      | Reached XP level 5. HP: 43/44 MP: 5/9
  4714 | D:3      | Found a faded altar of an unknown god.
  4963 | D:4      | Found a glowing drain.
  4998 | Sewer    | Entered a sewer
  5032 | Sewer    | Noticed a big kobold
  5043 | Sewer    | Killed a big kobold
  5043 | Sewer    | Reached XP level 6. HP: 32/52 MP: 7/10
  5407 | Sewer    | Reached skill level 3 in Poison Magic
  5954 | D:4      | Reached XP level 7. HP: 38/60 MP: 12/12
  6368 | D:4      | Got a slimy mace
  6369 | D:4      | Identified the +5 mace "Qefeus" {freeze, *Noise rN+ Stlth+}
                  | (You found it on level 4 of the Dungeon)
  6623 | D:5      | Entered Level 5 of the Dungeon
  6630 | D:5      | Found a burning altar of Makhleb.
  6911 | D:5      | Reached skill level 4 in Poison Magic
  6932 | D:5      | HP: 3/61 [orc warrior/+0 flail (21)]
  6933 | D:5      | Demolished by an orc warrior

Levels and vault maps discovered:
D:1:      minmay_arrival_jagged, layout_basic
D:2:      layout_basic, chequers_temple_overflow_statue_of_worship, uniq_terence
D:3:      layout_basic, chequers_ecumenical_altar_twisty
D:4:      layout_loops_ring, serial_bayou, serial_bayou_lake_a,
          serial_bayou_pond_c, serial_bayou_pond_e, serial_bayou_pond_e,
          portal_sewer_entry_a, first_ration
D:5:      layout_rooms, ashenzari_altar_1, hangedman_decor_riveting,
          bloody_makhleb

Skill      XL: |  1  2  3  4  5  6  7 |
---------------+----------------------+-----
Stealth        | 1 2 3 |  3.6
Dodging        | 2 3 |  3.3
Poison Magic   | 1 2 3 4 |  4.0
Spellcasting   | 3 |  3.9
Fighting       | 2 |  2.5
Transmutations | 3 |  3.2
Unarmed Combat | |  3.8

Action                   |  1- 3 |  4- 6 |  7- 9 || total
-------------------------+-------+-------+-------++-------
Melee: Unarmed           |    97 |   300 |    21 ||   418
       Headbutt          |     4 |       |       ||     4
       Punch             |       |     4 |     1 ||     5
       Mace              |       |       |    25 ||    25
 Cast: Beastly Appendage |     6 |     1 |       ||     7
       Spider Form       |     3 |    16 |     2 ||    21
 Abil: Spit Poison       |     6 |     1 |     1 ||     8
  Use: Scroll            |       |     2 |       ||     2
       Potion            |       |     1 |       ||     1
 Stab: Sleeping          |     1 |     2 |       ||     3
  Eat: Chunk             |     4 |    11 |     3 ||    18
Armor: Robe              |    11 |    46 |     5 ||    62
       Skin              |       |     5 |       ||     5
Dodge: Dodged            |    57 |   215 |    30 ||   302
